AoeStats
← tr3tr2tr1

Pilgrims

510132477Analyzed
2v2 RM · 2d ago on Sep 29, 2026· 51m 52s· 4 players
Game mode
Random Map
Map size
Medium (4 player)
Population
200
Speed
Normal
Resources
Standard
Victory
Conquest
Starting age
Dark Age
Ending age
Imperial Age
RankedLock teamsTeams togetherTeam positionsShared explorationLock speedFull tech treeHidden civsTurbo modeCheats
Victory
Defeat
🇬🇧 Bengalis · United Kingdom
853
+18
🇹🇷 Slavs · Türkiye
850
+18
🇳🇱 Tatars · Netherlands
911
-18
🇹🇷 Gurjaras · Türkiye
885
-38
wilderbeest1
4:01 Loom
4:13 Loom
11:53 Feudal Age
17:12 Castle Age
16:58 Double-Bit Axe
25:32 Pikeman
29:47 Fervor
29:58 Sanctity
32:48 Imperial Age
30:09 Horse Collar
30:44 Bow Saw
30:52 Gold Mining
30:52 Stone Mining
30:57 Fletching
31:18 Forging
31:11 Padded Archer Armor
32:49 Wheelbarrow
32:26 Town Watch
33:52 Conscription
35:36 Caravan
35:39 Heavy Plow
36:43 Two-Man Saw
36:11 Hand Cart
37:21 Bodkin Arrow
37:37 Forging
37:44 Leather Archer Armor
37:35 Scale Barding Armor
38:03 Bloodlines
37:53 Husbandry
37:34 Elite Elephant Archer
37:35 Elite Skirmisher
40:14 Chemistry
39:35 Ballistics
39:26 Masonry
39:12 Murder Holes
39:09 Guard Tower
40:23 Gold Shaft Mining
40:07 Fishing Lines
40:56 Paiks
41:18 Mahayana
40:40 Halberdier
41:22 Squires
42:06 Siege Engineers
41:48 Arrowslits
42:15 Fortified Wall
42:52 Iron Casting
43:40 Crop Rotation
43:15 Bracer
43:45 Ring Archer Armor
43:37 Chain Barding Armor
43:39 Elite Ratha (Ranged)
45:18 Elite Battle Elephant
49:24 Plate Barding Armor
49:50 Blast Furnace
48:51 Scale Mail Armor
52:01 Arson
|NsuperAble *
3:20 Loom
11:40 Feudal Age
12:41 Double-Bit Axe
12:43 Fishing Lines
13:14 Town Watch
14:06 Wheelbarrow
17:10 Stone Mining
21:02 Castle Age
21:15 Scale Barding Armor
21:21 Forging
21:07 Gold Mining
22:44 Gold Shaft Mining
22:21 Bow Saw
21:56 Horse Collar
22:10 Gillnets
23:04 Chain Barding Armor
24:15 Town Patrol
25:57 Hand Cart
26:16 Detinets
27:52 Heavy Plow
28:29 Iron Casting
31:53 Imperial Age
33:10 Caravan
33:40 Coinage
34:21 Conscription
33:41 Elite Boyar
35:00 Plate Barding Armor
35:46 Ballistics
36:51 Blast Furnace
37:02 Crop Rotation
37:38 Two-Man Saw
39:49 Banking
40:27 Chemistry
40:34 Squires
39:56 Pikeman
40:41 Druzhina
40:52 Scale Mail Armor
40:42 Fletching
40:53 Padded Archer Armor
40:43 Capped Ram
42:48 Elite Skirmisher
43:26 Bodkin Arrow
44:14 Siege Ram
46:40 Halberdier
48:31 Chain Mail Armor
tr3tr2tr1
11:57 Feudal Age
12:21 Fishing Lines
14:58 Double-Bit Axe
15:07 Gold Mining
14:59 Horse Collar
21:42 Castle Age
21:39 Bloodlines
23:01 Bow Saw
22:20 Demolition Ship
22:58 Gillnets
25:22 Gold Shaft Mining
24:51 Heavy Plow
27:03 Careening
27:28 Husbandry
28:42 Clinker Construction
32:16 Forging
38:00 Imperial Age
38:21 Scale Barding Armor
38:52 Iron Casting
38:52 Kshatriyas
38:31 Heavy Demolition Ship
39:38 Carvel Hull
40:08 Elite Shrivamsha Rider
42:00 Ballistics
42:30 Chain Barding Armor
47:01 Shipwright
Broodjekopkaas
11:24 Feudal Age
10:41 Loom
13:24 Double-Bit Axe
13:21 Horse Collar
21:13 Castle Age
21:21 Bloodlines
23:38 Gold Mining
24:37 Scale Barding Armor
25:17 Forging
27:16 Bow Saw
26:31 Pikeman
27:52 Scale Mail Armor
28:28 Iron Casting
28:29 Heavy Plow
29:35 Squires
31:42 Gold Shaft Mining
30:59 Stone Mining
34:51 Imperial Age
35:01 Chain Barding Armor
35:41 Wheelbarrow
36:58 Hand Cart
36:30 Town Watch
36:45 Halberdier
37:51 Town Patrol
38:58 Fletching
40:12 Blast Furnace
39:59 Fletching
41:03 Arson
41:19 Bodkin Arrow
41:08 Treadmill Crane
41:49 Ballistics
42:30 Chemistry
40:55 Elite Skirmisher
45:10 Conscription
Connection lost

Rejoining the realm…

Still unreachable

The connection could not be restored.

Session expired

The server has moved on; the page needs a fresh start.